 Dungeon Crawl Stone Soup version 0.31-a0-232-gb1c03b2570 (webtiles) character file.

Game seed: 2499139972516113507

247 qw the Shooter (level 5, 0/45 HPs)
             Began as a Minotaur Hexslinger on July 7, 2023.
             Slain by an orc priest
             ... wielding a +0 mace
              (2 damage)
             ... on level 4 of the Dungeon.
             The game lasted 00:00:51 (2548 turns).

qw the Shooter (Minotaur Hexslinger)                Turns: 2548, Time: 00:00:51

Health: 0/45       AC: 10    Str: 13    XL:     5   Next: 85%
Magic:  5/5        EV: 11    Int: 10    God:
Gold:   65         SH:  0    Dex: 14    Spells: 5/6 levels left

rFire   . . .        Y - +2 sling (chaos)
rCold   . . .        (no shield)
rNeg    . . .        d - +0 ring mail
rPois   .            (helmet restricted)
rElec   .            (no cloak)
rCorr   .            (no gloves)
SInv    .            i - +0 pair of boots
Will    .....        (no amulet)
Stlth   +            f - +4 ring of protection
HPRegen 0.27/turn    (no ring)
MPRegen 0.09/turn

%: no passive effects
@: no status effects
A: horns 2, retaliatory headbutt
a: no special abilities


You were on level 4 of the Dungeon.
You visited 1 branch of the dungeon, and saw 4 of its levels.

You collected 171 gold pieces.
You spent 106 gold pieces at shops.


Innate Abilities, Weirdness & Mutations

You have a pair of horns on your head.
You reflexively headbutt those who attack you in melee.


   Skills:
 + Level 3.1 Fighting
 - Level 6.0 Ranged Weapons
 - Level 1.1 Armour
 - Level 2.1 Dodging
 - Level 1.0 Spellcasting
 - Level 2.0 Hexes


You had 5 spell levels left.
You knew the following spells:

 Your Spells              Type           Power      Damage    Failure   Level
a - Slow                  Hex            16%        N/A       32%         1

Your spell library contained the following spells:

 Spells                   Type           Power      Damage    Failure   Level
 Inner Flame              Hex/Fire       2%         N/A       82%         3
 Portal Projectile        Hex/Tloc       4%         N/A       82%         3
 Cause Fear               Hex            2%         N/A       97%         4

Inventory:

Hand Weapons
 Y - a +2 sling of chaos (weapon)
Armour
 d - a +0 ring mail (worn)
 i - a +0 pair of boots (worn)
Jewellery
 e - a ring of fire
 f - a +4 ring of protection (left hand)
Scrolls
 a - a scroll of identify
 h - a scroll of teleportation {unknown}
Potions
 b - a potion of curing
 c - a potion of enlightenment {unknown}
 g - a potion of mutation {unknown}
 j - a potion of haste {unknown}
 k - a potion of degeneration {unknown}
 l - a potion of might {unknown}
 m - a potion of heal wounds {unknown}
 p - a potion of attraction {unknown}

Dungeon Overview and Level Annotations

Branches:
Dungeon (4/15)
 Temple: D:4-7

Altars:
Elyvilon

Shops:
D:2 *?*:   D:3 *((

Annotations:
D:3 2 transporters, qw's ghost, weakling MiHs


Message History

You shoot a sling bullet.
The sling bullet completely misses the orc priest.
The sling bullet hits the hobgoblin but does no damage.
The hobgoblin goes berserk!
The hobgoblin is lightly wounded.
The orc priest barely misses you. Something hits you but does no damage.
The orc priest hits you with a +0 mace! Something hits you.
You shoot a sling bullet.
The sling bullet closely misses the orc priest.
The sling bullet barely misses the hobgoblin.
The hobgoblin rages.
Something hits you but does no damage. The orc priest hits you with a +0 mace.
You shoot a sling bullet.
The sling bullet hits the orc priest but does no damage.
The orc priest goes berserk!
The orc priest is severely wounded.
The hobgoblin rages.
The orc priest hits you but does no damage.
Something completely misses you.
The orc priest calls upon Beogh to heal the orc priest.
The orc priest is healed somewhat.
The orc priest hits you with a +0 mace.
You shoot a sling bullet. The sling bullet hits the orc priest.
Nothing appears to happen.
The orc priest is severely wounded.
The orc priest barely misses you. Something hits you but does no damage.
The orc priest closely misses you.
You shoot a sling bullet.
The sling bullet hits the orc priest but does no damage.
The orc priest is severely wounded.
The orc priest looks satisfied for a moment.
Something hits you but does no damage. The orc priest closely misses you.
Something hits you but does no damage.
You shoot a sling bullet.
The sling bullet barely misses the orc priest.
The sling bullet hits the hobgoblin.
Lightning courses through the hobgoblin!
You kill the hobgoblin!
The orc priest hits you but does no damage.
The orc priest hits you with a +0 mace.
You die...

.................## #
##.######...~~~...#
#.##.######..~~~~~..###
..........'..~~7~~.....
.#.##.##.#.#..~~~~~..###
........>##7...~~~...7
##.####.## 77.......77
#.# 77.....77 #@#
77...77 #oo{# 77.....77
#.).o# 77.......77
...ooo# 7...~~~...7
#.#....# 77..~~~~~..77
.. #....# 7...~~_~~...7
. '....# 77..~~~~~..77
.#....# 7...~~~...7
77.......77


You could see 3 orc priests and 3 orcs.

Vanquished Creatures
  Menkaure (D:4)
  A hound (D:4)
  3 gnolls (D:3)
  An adder (D:3)
  A worm (D:2)
  8 orcs
  3 endoplasms
  2 giant cockroaches
  5 goblins
  6 hobgoblins
  6 jackals
  7 ball pythons
  2 bats (D:1)
  A frilled lizard (D:3)
  2 kobolds (D:3)
  3 rats
52 creatures vanquished.

Notes
Turn   | Place    | Note
-------+----------+-------------------------------------------
     0 | D:1      | qw the Minotaur Hexslinger began the quest for the Orb.
     0 | D:1      | Reached XP level 1. HP: 16/16 MP: 1/1
     0 | D:1      | 0 ||| qw: Version: 0.3-a-46-gb1f654a
     0 | D:1      | 0 ||| qw: Game counter: 2597
     0 | D:1      | 0 ||| qw: Melee chars always use a shield: true
     0 | D:1      | 0 ||| qw: God list: Okawaru
     0 | D:1      | 0 ||| qw: Allow faded altars: false
     0 | D:1      | 0 ||| qw: Do Orc after clearing Dungeon:15 true
     0 | D:1      | 0 ||| qw: Do second Lair branch before Depths: true
     0 | D:1      | 0 ||| qw: Lair rune preference: random
     0 | D:1      | 0 ||| qw: Goals: Normal
     0 | D:1      | 0 ||| PLANNING D:1-11
   123 | D:1      | Reached skill level 3 in Ranged Weapons
   123 | D:1      | Reached XP level 2. HP: 23/23 MP: 2/2
   830 | D:1      | 830 ||| UPGRADING to +0 ring mail.
   840 | D:1      | 840 ||| DROPPING +0 robe.
   841 | D:1      | 841 ||| UPGRADING to +0 pair of boots.
   846 | D:1      | 846 ||| READING 2 scrolls labelled KOSTECY ZODUE.
   847 | D:1      | 847 ||| READING scroll labelled HANEUT NONKEA.
   848 | D:1      | 848 ||| READING scroll labelled NOIT JICKUSCH.
   849 | D:1      | 849 ||| READING scroll labelled SUET GIAMATT.
   850 | D:1      | 850 ||| READING scroll labelled EPIDEG TETAES.
   851 | D:1      | 851 ||| DROPPING scroll of poison.
   931 | D:2      | Found Cazudu's General Store.
   938 | D:2      | Found Qiakoado's Magic Scroll Shoppe.
   941 | D:2      | 941 ||| SHOPLISTING ring of willpower (325 gold, have 36).
   955 | D:2      | 955 ||| SHOPLISTING scroll of enchant armour (90 gold, have
                  | 47).
   955 | D:2      | 955 ||| SHOPLISTING scroll of enchant weapon (90 gold, have
                  | 47).
   955 | D:2      | 955 ||| BUYING scroll of identify (24 gold).
   955 | D:2      | Bought a scroll of identify for 24 gold pieces
   955 | D:2      | 955 ||| SHOPLISTING scroll of identify (24 gold, have 23).
   955 | D:2      | 955 ||| SHOPLISTING scroll of teleportation (36 gold, have
                  | 23).
  1066 | D:2      | Found Ereuc's Book Shoppe.
  1075 | D:2      | 1075 ||| UPGRADING to +4 ring of protection.
  1111 | D:2      | Found Fualy's Assorted Antiques.
  1118 | D:2      | 1118 ||| BUYING black potion (23 gold).
  1118 | D:2      | Bought a black potion for 23 gold pieces
  1118 | D:2      | 1118 ||| SHOPLISTING jade ring (130 gold, have 37).
  1118 | D:2      | 1118 ||| BUYING scroll labelled PONACI EQEE (26 gold).
  1118 | D:2      | Bought a scroll labelled PONACI EQEE for 26 gold pieces
  1118 | D:2      | 1118 ||| SHOPLISTING scroll labelled WIVUHE BESCHE (26
                  | gold, have 11).
  1118 | D:2      | 1118 ||| SHOPLISTING sedimented orange potion (23 gold,
                  | have 11).
  1118 | D:2      | 1118 ||| SHOPLISTING sedimented purple potion (23 gold,
                  | have 11).
  1118 | D:2      | 1118 ||| SHOPLISTING yellow potion (23 gold, have 11).
  1187 | D:2      | Reached XP level 3. HP: 29/29 MP: 3/3
  1311 | D:2      | 1311 ||| READING scroll labelled XYAREEPAPH.
  1312 | D:2      | 1312 ||| READING scroll labelled PONACI EQEE.
  1313 | D:2      | 1313 ||| DRINKING 2 bubbling purple potions.
  1314 | D:2      | 1314 ||| READING 2 scrolls of identify.
  1314 | D:2      | 1314 ||| IDENTIFYING yellow potion
  1315 | D:2      | 1315 ||| DROPPING potion of invisibility.
  1421 | D:3      | 1421 ||| Stepping ~*~*~tactically~*~*~ (water).
  1460 | D:3      | Found Ysenaani's General Store.
  1465 | D:3      | 1465 ||| BUYING potion of curing (33 gold).
  1465 | D:3      | Bought a potion of curing for 33 gold pieces
  1465 | D:3      | 1465 ||| SHOPLISTING potion of might (44 gold, have 10).
  1465 | D:3      | 1465 ||| SHOPLISTING scroll of brand weapon (104 gold, have
                  | 10).
  1480 | D:3      | Reached skill level 4 in Ranged Weapons
  1481 | D:3      | Reached skill level 1 in Armour
  1523 | D:3      | Found Menwalau's Weapon Emporium.
  1534 | D:3      | 1534 ||| SHOPLISTING +4 heavy shortbow (274 gold, have 23).
  1586 | D:3      | Found a transporter.
  1588 | D:3      | Noticed qw's ghost (weakling MiHs)
  1589 | D:3      | Found a transporter.
  1675 | D:3      | Reached XP level 4. HP: 25/36 MP: 4/4
  1735 | D:3      | 1735 ||| READING scroll labelled YNOANO YDEKH.
  1817 | D:3      | Found Ryfuc's Weapon Boutique.
  1825 | D:3      | 1825 ||| SHOPLISTING +1 shortbow of flaming (124 gold, have
                  | 33).
  2098 | D:3      | 2098 ||| READING scroll labelled JOOSHOXK QOYPS.
  2099 | D:3      | 2099 ||| DRINKING 2 sedimented pink potions.
  2204 | D:3      | 2204 ||| DROPPING potion of berserk rage.
  2262 | D:4      | 2262 ||| PLANNING SEWER
  2289 | D:4      | Noticed Menkaure
  2295 | D:4      | Killed Menkaure
  2296 | D:4      | Reached skill level 6 in Ranged Weapons
  2296 | D:4      | Reached XP level 5. HP: 23/41 MP: 5/5
  2472 | D:4      | Found a white marble altar of Elyvilon.
  2523 | D:4      | Reached skill level 3 in Fighting
  2538 | D:4      | 2538 ||| DRINKING 2 potions of curing.
  2538 | D:4      | 2538 ||| (to cure confusion)
  2543 | D:4      | HP: 8/45 [orc priest/+0 mace (8)]
  2544 | D:4      | HP: 2/45 [orc priest/+0 mace (6)]
  2548 | D:4      | Slain by an orc priest

Levels and vault maps discovered:
D:1:      lemuel_arrival_funnel, layout_basic, grunt_decor_junction,
          minmay_bisected
D:2:      layout_basic, serial_shops, shop, nicolae_shop_stone, shop,
          nicolae_shop_peninsula
D:3:      layout_loops_ring, gammafunk_ghost_mausoleum, serial_shops,
          nicolae_shop_bloodbath_and_beyond, shop, shop, serial_bayou,
          serial_bayou_lake_a, serial_bayou_pond_e, serial_bayou_ford_a
D:4:      layout_basic, elyvilon_altar_3, minmay_temple_entry_poolview,
          portal_sewer_entry_e, corexii_hall_statues_l, minmay_misc_feat_rugged,
          minmay_between, uniq_grinder, uniq_blork_the_orc, uniq_menkaure

Skill      XL: |  1  2  3  4  5 |
---------------+----------------+-----
Ranged Weapons | 3 4 6 |  6.0
Fighting       | 2 3 |  3.1
Armour         | 1 |  1.1
Dodging        | |  2.1
Spellcasting   | |  1.0
Hexes          | |  2.0

Action                     |  1- 3 |  4- 6 || total
---------------------------+-------+-------++-------
   Fire: Sling             |    91 |    72 ||   163
    Use: Scroll            |     8 |     2 ||    10
         Potion            |     1 |     2 ||     3
 Armour: Ring mail         |    10 |    42 ||    52
  Dodge: Dodged            |    23 |    30 ||    53

Table legend:
 A = Non-vault XP
 B = Vault XP
 C = Vault XP percentage of total XP
 D = Non-vault monster count
 E = Vault monster count
 F = Vault count percentage of total count
                 A         B        C        D         E       F
            +---------+---------+-------+---------+---------+-------
      Total |     188 |     167 |  47.0 |      49 |       3 |   5.8
            +---------+---------+-------+---------+---------+-------
        D:1 |      28 |       2 |   6.7 |      16 |       2 |  11.1
        D:2 |      14 |       0 |   0.0 |       6 |       0 |   0.0
        D:3 |      78 |       0 |   0.0 |      15 |       0 |   0.0
        D:4 |      68 |     165 |  70.8 |      12 |       1 |   7.7
            +---------+---------+-------+---------+---------+-------
